 Dungeon Crawl Stone Soup version 0.28-a0-674-gdaf460b524 (webtiles) character file.

Game seed: 2662752706779575137

67 Gwenloh the Distorting Ant (level 4, -3/35 HPs)
             Began as a Formicid Abyssal Knight on Oct 17, 2021.
             Was a Believer of Lugonu.
             Killed by nerve-wracking pain
             ... invoked by an orc priest
              (8 damage)
             ... on level 4 of the Dungeon.
             The game lasted 00:07:21 (2398 turns).

Gwenloh the Distorting Ant (FoAK)                   Turns: 2398, Time: 00:07:22

Health: -3/35      AC:  4    Str: 17    XL:     4   Next: 38%
Magic:  6/6        EV: 11    Int: 10    God:    Lugonu [**....]
Gold:   45         SH:  0    Dex: 12    Spells: 3/3 levels left

rFire   . . .      SeeInvis +   a - +1 hand axe
rCold   . . .      Faith    .   (no shield)
rNeg    . . .      Spirit   .   c - +0 leather armour
rPois   .          Reflect  .   (helmet unavailable)
rElec   .          Harm     .   m - +0 cloak
rCorr   .          Rampage  .   (no gloves)
Will    .....                   (no boots)
Stlth   +.........              (no amulet)
HPRegen 0.11/turn               (no ring)
MPRegen 0.10/turn               (no ring)

@: no status effects
A: permanent stasis, dig shafts and tunnels, antennae 3, four strong arms
a: Dig, Shaft Self, Renounce Religion, Depart the Abyss, Bend Space


You were on level 4 of the Dungeon.
You worshipped Lugonu.
Lugonu was pleased with you.
You visited 1 branch of the dungeon, and saw 4 of its levels.
You visited the Abyss 1 time.

You collected 45 gold pieces.

Inventory:

Hand Weapons
 a - a +1 hand axe (weapon)
 b - a +0 hunting sling
Missiles
 l - 16 stones (quivered)
Armour
 c - a +0 leather armour (worn)
 m - a +0 cloak (worn)
 n - a +1 hat
Wands
 o - a wand of flame (20)
Scrolls
 e - 4 scrolls of identify {unknown}
 f - a scroll of vulnerability {unknown}
 g - a scroll of noise {unknown}
 k - a scroll of acquirement {unknown}
Potions
 d - a potion of lignification {unknown}
 h - a potion of mutation {unknown}
 i - a potion of berserk rage {unknown}
 j - a potion of flight {unknown}


   Skills:
 - Level 3.5 Fighting
 * Level 3.1 Axes
 - Level 2.3 Armour
 - Level 0.8 Dodging
 * Level 3.6 Invocations


You had 3 spell levels left.
You didn't know any spells.
Your spell library was empty.

Dungeon Overview and Level Annotations

Branches:
Dungeon (2/15)

Altars:

Annotations:
D:4 3 runed translucent doors, arbitraryname's ghost, amateur SpEE


Innate Abilities, Weirdness & Mutations

You cannot be hasted, slowed, berserked, paralysed or teleported.
You can dig through walls and to a lower floor.
You have a pair of large antennae on your head. (SInv)
Your four strong arms can wield two-handed weapons with a shield.


Message History

You hit the orc.
The orc is heavily wounded.
The orc hits you with a +0 dagger of venom.
You are poisoned.
You slash the orc!
You kill the orc!
Lugonu accepts your kill.
You feel sick.
You closely miss the orc priest.
You feel sick. The orc priest hits you with a +0 club.
You closely miss the orc priest.
You feel sick.
The orc priest hits you but does no damage.
You hit the orc priest.
The orc priest is heavily wounded.
You feel sick. The orc priest hits you with a +0 club.
You hit the orc priest but do no damage.
The orc priest is heavily wounded.
You feel sick.
The orc priest hits you but does no damage.
You barely miss the orc priest.
The orc priest is heavily wounded.
You feel sick.
You are no longer poisoned.
The orc priest hits you with a +0 club.
The orc priest invokes the aid of Beogh against you.
Pain shoots through your body!
* * * LOW HITPOINT WARNING * * *
You hit the orc priest but do no damage.
The orc priest is moderately wounded.
The orc priest hits you with a +0 club.
* * * LOW HITPOINT WARNING * * *
You slash the orc priest!
The orc priest is almost dead.
The orc priest hits you with a +0 club.
* * * LOW HITPOINT WARNING * * *
You hit the orc priest but do no damage.
The orc priest is almost dead.
The orc priest mumbles some strange prayers to Beogh against you.
Pain shoots through your body!
You die...

#..........
#...###..#. #....#
# ######..#.# ####
........#..#
##..##########.##.#
##..(o..(..o.##.#
..
##....#######)##.#
#.. #......# #.##@#
...
..o..#.######.##o#
.....#......o....#
.....########.####
.....# #.# .....#
#.# .....# #.#
.....# #.# ######
#..


You could see an orc priest.

Vanquished Creatures
  A gnoll (D:1)
  2 adders
  A worm (D:2)
  A dart slug (D:4)
  3 orcs (D:4)
  3 endoplasms (D:1)
  A giant cockroach (D:1)
  4 goblins
  4 hobgoblins
  2 ball pythons
  2 bats
  2 frilled lizards (D:1)
  3 kobolds
  2 rats
31 creatures vanquished.

Notes
Turn   | Place    | Note
-------+----------+-------------------------------------------
     0 | Abyss:1  | Gwenloh the Formicid Abyssal Knight began the quest for the
                  | Orb.
     0 | Abyss:1  | Reached XP level 1. HP: 18/18 MP: 2/2
    17 | Abyss:1  | Found a corrupted altar of Lugonu.
    25 | D:1      | Escaped the Abyss
   365 | D:1      | Reached XP level 2. HP: 24/24 MP: 3/3
  1212 | D:2      | Reached XP level 3. HP: 26/29 MP: 5/5
  1365 | D:2      | Reached ** piety under Lugonu
  1860 | D:2      | You fall into a shaft and drop 1 floor!
  1869 | D:3      | You fall into a shaft and drop 1 floor!
  1932 | D:4      | Found a runed translucent gate.
  1933 | D:4      | Found a runed translucent gate.
  1934 | D:4      | Found a runed translucent gate.
  1936 | D:4      | Noticed arbitraryname's ghost (amateur SpEE)
  1936 | D:4      | Noticed a kobold brigand
  1944 | D:4      | Reached XP level 4. HP: 25/35 MP: 6/6
  2398 | D:4      | Killed from afar by an orc priest

Illustrated notes

Levels and vault maps discovered:
D:1:      minmay_arrival_four_circles, layout_basic
D:2:      layout_basic, hellmonk_ecumenical_altar_heavens_door
D:3:      layout_basic, nzn_overflow_gifts_of_might_and_magic,
          mainiacjoe_overflow_divided_tiny, grunt_ministairs_15,
          cheibrodos_gnoll_hut
D:4:      layout_basic, grunt_temple_overflow_diamond, lemuel_tele_altar,
          gammafunk_ghost_nasty_kobolds

Skill      XL: |  1  2  3  4 |
---------------+-------------+-----
Invocations    | 3 |  3.6
Axes           | 3 |  3.1
Fighting       | |  3.5
Armour         | |  2.3
Dodging        | |  0.8

Action                   |  1- 3 |  4- 6 || total
-------------------------+-------+-------++-------
Melee: Hand axe          |    87 |    22 ||   109
 Fire: Hunting sling     |     2 |    10 ||    12
Throw: Stone             |     9 |       ||     9
Invok: Bend Space        |     2 |       ||     2
 Abil: Shaft Self        |     1 |       ||     1
  Use: Potion            |     1 |       ||     1
 Stab: Sleeping          |     1 |       ||     1
Armor: Leather armour    |    17 |     5 ||    22
Dodge: Dodged            |    41 |     9 ||    50

Table legend: (Time is in decaauts)
 A = Elapsed time spent in this place.
 B = Non-inter-level travel time spent in this place.
 C = Inter-level travel time spent in this place.
 D = Time resting spent in this place.
 E = Time spent auto-exploring this place.
 F = Levels seen in this place.
 G = Mean time per level.
                   A        B        C        D        E       F      G
               +--------+--------+--------+--------+--------+-----+--------+
         Total |   2418 |   2331 |     87 |    480 |   1271 |   5 |  483.6 |
       Dungeon |   2393 |   2306 |     87 |    480 |   1263 |   4 |  598.2 |
         Abyss |     25 |     25 |      0 |      0 |      8 |   1 |   25.0 |
               +--------+--------+--------+--------+--------+-----+--------+

Top non-repeatable levels by time:
     D:1: 1409 daAuts
     D:4: 532 daAuts
     D:2: 442 daAuts
 Abyss:1: 25 daAuts
     D:3: 8 daAuts
